 Dungeon Crawl Stone Soup version 0.27-a0-1532-gca18f49f40 (webtiles) character file.

Game seed: 558371780251309905

1663 garrulousMonolith the Skirmisher (level 9, -1/67 HPs)
             Began as a Djinni Air Elementalist on July 12, 2021.
             Was an Initiate of Gozag.
             Slain by a two-headed ogre (10 damage)
             ... on level 6 of the Dungeon.
             The game lasted 00:08:10 (5513 turns).

garrulousMonolith the Skirmisher (DjAE)             Turns: 5513, Time: 00:08:11

Health: -1/67      AC:  6    Str:  7    XL:     9   Next: 20%
Gold:   234        EV: 17    Int: 20    God:    Gozag SH:  0 Dex: 14

rFire    + + .     SeeInvis .   k - +0 dagger (flame)
rCold    x . .     Faith    .   (no shield)
rNeg     . . .     Spirit   .   s - +0 leather armour
rPois    ∞         Reflect  .   e - +1 helmet
rElec    .         Harm     .   g - +0 cloak
rCorr    .         Rampage  .   (no gloves)
Will     .....                  (boots unavailable)
Stlth    ++........             p - amulet of regeneration
HPRegen  1.21/turn              h - +4 ring of evasion
MPRegen  0.00/turn              (no ring)

@: flying
A: sickness immunity, fire resistance 2, cold vulnerability 1, float, innate
caster, hp casting, extra vitality 1
a: Renounce Religion, Potion Petition, Call Merchant, Bribe Branch


You were on level 6 of the Dungeon.
You worshipped Gozag.
Gozag was aware of your devotion.
You visited 2 branches of the dungeon, and saw 7 of its levels.

You collected 537 gold pieces.
You spent 182 gold pieces at shops.
You paid 121 gold pieces to Gozag.

Inventory:

Hand Weapons
 d - a +1 morningstar of venom
 k - a +0 dagger of flaming (weapon)
Missiles
 x - a throwing net
Armour
 e - a +1 helmet (worn)
 g - a +0 cloak (worn)
 s - a +0 leather armour (worn)
Magical Staves
 u - a staff of earth
Jewellery
 h - a +4 ring of evasion (left hand)
 p - an amulet of regeneration (around neck)
Wands
 q - a wand of flame (35)
 y - a wand of acid (7)
Scrolls
 a - a scroll of brand weapon {unknown}
 c - a scroll of torment {unknown}
 j - a scroll of blinking {unknown}
 l - 2 scrolls of teleportation {unknown}
 m - 2 scrolls of amnesia {unknown}
 o - a scroll of magic mapping {unknown}
 r - 2 scrolls of vulnerability {unknown}
 t - 5 scrolls of enchant weapon
 v - 2 scrolls of identify
Potions
 b - 5 potions of heal wounds
 f - a potion of resistance {unknown}
 i - 5 potions of curing
 n - a potion of might {unknown}
 w - a potion of lignification {unknown}


   Skills:
 * Level 6.8 Fighting
 + Level 5.7 Dodging
 - Level 2.0 Stealth
 * Level 5.9 Spellcasting


You couldn't memorise any spells.
You knew the following spells:

 Your Spells              Type           Power      Damage    Failure   Level
a - Shock                 Conj/Air       100%       1d9       1%          1
b - Airstrike             Air            14%        N/A       14%         4
c - Static Discharge      Conj/Air       29%        N/A       1%          2
d - Swiftness             Air            29%        N/A       4%          3
e - Foxfire               Conj/Fire      100%       2x1d9     1%          1
f - Wereblood             Tmut           29%        N/A       1%          2
g - Vampiric Draining     Necr           14%        2d8       4%          3
h - Dazzling Flash        Conj/Hex       58%        N/A       4%          3
Your spell library was empty.

Dungeon Overview and Level Annotations

Branches:
Dungeon (6/15)             Temple (1/1) D:5

Altars:
Ashenzari
Cheibriados
Dithmenos
Elyvilon
Fedhas
Gozag
Kikubaaqudgha
Ru
Sif Muna
Uskayaw
Vehumet
Xom
Yredelemnul
Zin
The Shining One

Shops:
D:3 =   D:5 !


Innate Abilities, Weirdness & Mutations

You are immune to sickness and miasma.
You are immune to poison.
Your flesh is very heat resistant. (rF++)
You are vulnerable to cold. (rC-)
You float through the air rather than walking.
You learn spells naturally, not from books.
Your magical power is your life essence.
You have superior vitality. (+4 HP)


Message History

Casting: Dazzling Flash (dangerous; 4% risk of failure)
Confirm with . or Enter, or press ? or * to list all spells.
Aiming: Vampiric Draining (dangerous; 4% risk of failure)
Press: ? - help, Shift-Dir - straight line, f/p - two-headed ogre
Aim: a two-headed ogre, wielding a +0 giant club and a +0 dire flail (moderately wounded)
You draw life force from the two-headed ogre!
You feel life coursing into your body. The two-headed ogre closely misses you.
The two-headed ogre hits you with a +0 dire flail!
Casting: Vampiric Draining (dangerous; 4% risk of failure)
Confirm with . or Enter, or press ? or * to list all spells.
Aiming: Vampiric Draining (dangerous; 4% risk of failure)
Press: ? - help, Shift-Dir - straight line, f/p - two-headed ogre
Aim: a two-headed ogre, wielding a +0 giant club and a +0 dire flail (moderately wounded)
You draw life force from the two-headed ogre!
You feel life coursing into your body!
Casting: Vampiric Draining (dangerous; 4% risk of failure)
Confirm with . or Enter, or press ? or * to list all spells.
Aiming: Vampiric Draining (dangerous; 4% risk of failure)
Press: ? - help, Shift-Dir - straight line, f/p - two-headed ogre
Aim: a two-headed ogre, wielding a +0 giant club and a +0 dire flail (severely wounded)
You draw life force from the two-headed ogre.
You feel life coursing into your body.
The two-headed ogre hits you with a +0 giant club!
* * * LOW HITPOINT WARNING * * *
The two-headed ogre barely misses you.
Casting: Vampiric Draining (dangerous; 4% risk of failure)
Confirm with . or Enter, or press ? or * to list all spells.
The two-headed ogre is struck by an arc of lightning.
The two-headed ogre is severely wounded.
You are struck by an arc of lightning.
* * * LOW HITPOINT WARNING * * *
The two-headed ogre is struck by an arc of lightning.
The two-headed ogre is almost dead.
The lightning grounds out.
* * * LOW HITPOINT WARNING * * *
The two-headed ogre hits you with a +0 giant club!
* * * LOW HITPOINT WARNING * * *
The two-headed ogre hits you with a +0 dire flail!
You die...
Your body crumbles into a pile of gold.

#.# #
#.####### #
#.##...?# #
#.##....# #
#.##....# #
#.##....# #
#.##....# #
#.......+ #
####...@#####
#...O....#.
#..........(
######.###.#
.# .# . #


You could see a two-headed ogre.

Vanquished Creatures
  Prince Ribbit (D:5)
  2 ice beasts
  A black bear (D:5)
  A phantom (D:4)
  A bullfrog (D:4)
  A gnoll sergeant (D:5)
  3 scorpions (D:5)
  3 howler monkeys
  8 hounds
  A gnoll shaman (D:5)
  An orc priest (D:5)
  An iguana (D:4)
  Ijyb (D:3)
  19 gnolls (D:5)
  3 adders
  A white imp (D:5)
  An ufetubus (D:4)
  A worm (D:2)
  3 dart slugs
  23 orcs
  6 ball pythons
  11 endoplasms
  4 giant cockroaches
  6 goblins
  5 hobgoblins
  16 jackals
  5 kobolds
  6 quokkas
  6 bats
  3 frilled lizards
  4 rats
148 creatures vanquished.

Notes
Turn   | Place    | Note
-------+----------+-------------------------------------------
     0 | D:1      | garrulousMonolith the Djinni Air Elementalist began the
                  | quest for the Orb.
     0 | D:1      | Reached XP level 1. HP: 15/15 MP: 0/0
    88 | D:1      | Found a faded altar of an unknown god.
   272 | D:1      | Noticed a great orb of eyes
   274 | D:1      | Noticed an eye of devastation
   274 | D:1      | Noticed a golden eye
   274 | D:1      | Noticed a golden eye
   277 | D:1      | Reached XP level 2. HP: 21/22 MP: 0/0
   725 | D:1      | Reached skill level 1 in Fighting
  1048 | D:1      | Reached XP level 3. HP: 23/27 MP: 0/0
  1048 | D:1      | Learned a level 1 spell: Foxfire
  1453 | D:1      | You are sucked into a shaft and drop 1 floor!
  1780 | D:1      | Reached XP level 4. HP: 31/33 MP: 0/0
  2140 | D:2      | Reached skill level 2 in Fighting
  2678 | D:3      | Noticed Ijyb
  2711 | D:3      | Found Nypnagerow's Jewellery Shop.
  2751 | D:3      | Killed Ijyb
  2752 | D:3      | Reached XP level 5. HP: 22/38 MP: 0/0
  2752 | D:3      | Learned a level 2 spell: Wereblood
  3172 | D:4      | Noticed a bullfrog
  3180 | D:4      | Killed a bullfrog
  3181 | D:4      | Reached skill level 3 in Fighting
  3181 | D:4      | Reached XP level 6. HP: 31/46 MP: 0/0
  3546 | D:4      | Reached XP level 7. HP: 51/51 MP: 0/0
  3546 | D:4      | Learned a level 3 spell: Vampiric Draining
  3558 | D:4      | Reached skill level 4 in Fighting
  3688 | D:5      | Entered Level 5 of the Dungeon
  3688 | D:5      | Noticed Prince Ribbit
  4048 | D:5      | Reached XP level 8. HP: 58/58 MP: 0/0
  4081 | D:5      | Reached skill level 5 in Fighting
  4338 | D:5      | Reached skill level 5 in Spellcasting
  4404 | D:5      | Killed Prince Ribbit
  4405 | D:5      | Reached skill level 5 in Dodging
  4532 | D:5      | Found a staircase to the Ecumenical Temple.
  4543 | Temple   | Entered the Ecumenical Temple
  4798 | Temple   | Became a worshipper of Gozag Ym Sagoz the Greedy
  4890 | D:5      | Reached skill level 6 in Fighting
  5080 | D:5      | Reached XP level 9. HP: 64/66 MP: 0/0
  5080 | D:5      | Learned a level 3 spell: Dazzling Flash
  5222 | D:5      | Found Mickouk's Distillery.
  5232 | D:5      | Bought a potion of curing for 42 gold pieces
  5232 | D:5      | Bought a potion of heal wounds for 70 gold pieces
  5232 | D:5      | Bought a potion of heal wounds for 70 gold pieces
  5503 | D:6      | Noticed a two-headed ogre
  5513 | D:6      | Slain by a two-headed ogre

Illustrated notes

Levels and vault maps discovered:
D:1:      dpeg_arrival_tiny_i, layout_loops_ring,
          hellmonk_ecumenical_altar_watching_god, minmay_cut_off
D:2:      layout_basic, lemuel_another_geyser
D:3:      layout_rooms, serial_shops, shop, uniq_ijyb
D:4:      layout_rooms
D:5:      lemuel_castle_with_subvaults [lemuel_castle_interior_carwin_1],
          layout_rooms, minmay_temple_entry_fiery, serial_shops,
          nicolae_diamond_shop, fountainhead, uniq_prince_ribbit1
D:6:      layout_basic, kiku_gazebo_pond_becter, uniq_pikel
Temple:   dpeg_chambers_temple

Skill      XL: |  1  2  3  4  5  6  7  8 |
---------------+-------------------------+-----
Fighting       | 1 2 3 4 6 |  6.8
Stealth        | 2 |  2.0
Spellcasting   | 3 4 5 |  5.9
Dodging        | 3 4 5 |  5.7

Action                   |  1- 3 |  4- 6 |  7- 9 || total
-------------------------+-------+-------+-------++-------
Melee: Dagger            |       |     2 |     2 ||     4
       Morningstar       |       |       |    43 ||    43
 Cast: Shock             |    82 |   122 |   165 ||   369
       Static Discharge  |       |     8 |    22 ||    30
       Vampiric Draining |       |       |     3 ||     3
       Dazzling Flash    |       |       |     1 ||     1
  Use: Scroll            |       |     4 |     1 ||     5
       Potion            |       |       |     1 ||     1
 Stab: Sleeping          |       |     1 |       ||     1
       Invisible         |       |       |     1 ||     1
Armor: Robe              |     1 |     2 |       ||     3
       Leather armour    |       |    10 |    28 ||    38
Dodge: Dodged            |    10 |    54 |   110 ||   174

Table legend: (Time is in decaauts)
 A = Elapsed time spent in this place.
 B = Non-inter-level travel time spent in this place.
 C = Inter-level travel time spent in this place.
 D = Time resting spent in this place.
 E = Time spent auto-exploring this place.
 F = Levels seen in this place.
 G = Mean time per level.
                   A        B        C        D        E       F      G
               +--------+--------+--------+--------+--------+-----+--------+
         Total |   5535 |   5416 |    119 |    689 |   3894 |   7 |  790.7 |
       Dungeon |   5252 |   5160 |     92 |    689 |   3650 |   6 |  875.3 |
        Temple |    282 |    255 |     27 |      0 |    244 |   1 |  282.0 |
               +--------+--------+--------+--------+--------+-----+--------+

Top non-repeatable levels by time:
     D:1: 1677 daAuts
     D:5: 1318 daAuts
     D:2: 1028 daAuts
     D:4: 580 daAuts
     D:3: 441 daAuts
  Temple: 282 daAuts
     D:6: 206 daAuts
